 Dungeon Crawl Stone Soup version 0.31-a0-981-geadf994542 (webtiles) character file.

Game seed: 11491026334961846920

258 Persephone the Skirmisher (level 6, -4/35 HPs)
             Began as a Tengu Hunter on Oct 31, 2023.
             Slain by an ice beast (9 damage)
             ... on level 3 of the Dungeon.
             The game lasted 00:02:36 (1710 turns).

Persephone the Skirmisher (Tengu Hunter)            Turns: 1710, Time: 00:02:37

Health: -4/35      AC:  4    Str: 11    XL:     6   Next: 16%
Magic:  0/7        EV: 12    Int: 10    God:
Gold:   67         SH:  0    Dex: 19    Spells: 5/5 levels left

rFire   . . .        a - +0 shortbow
rCold   . . .        (shield currently unavailable)
rNeg    + . .        c - +1 leather armour
rPois   .            (helmet restricted)
rElec   .            (no cloak)
rCorr   .            (no gloves)
SInv    .            (boots unavailable)
Will    .....        i - amulet of guardian spirit
Stlth   ++           g - ring of positive energy
HPRegen 0.25/turn    (no ring)
MPRegen 0.10/turn

%: acrobat, guardian spirit
@: no status effects
A: beak, talons 3, acrobatic
a: no special abilities


You were on level 3 of the Dungeon.
You visited 1 branch of the dungeon, and saw 3 of its levels.

You collected 67 gold pieces.

Inventory:

Hand Weapons
 a - a +0 shortbow (weapon)
Armour
 c - a +1 leather armour (worn)
Jewellery
 g - a ring of positive energy (left hand)
 i - an amulet of guardian spirit (around neck)
Wands
 l - a wand of acid (4)
Scrolls
 b - a scroll of butterflies
 d - a scroll of enchant armour
Potions
 e - a potion of might {unknown}
 f - a potion of brilliance {unknown}
 h - a potion of resistance {unknown}
 j - a potion of mutation
 m - a potion of heal wounds {unknown}
 n - a potion of curing {unknown}
 o - a potion of ambrosia {unknown}


   Skills:
 - Level 2.0 Fighting
 + Level 8.0 Ranged Weapons
 - Level 2.1 Dodging
 - Level 1.0 Stealth


You had 5 spell levels left.
You didn't know any spells.
Your spell library contained the following spells:

 Spells                   Type           Power      Damage    Failure   Level
 Cigotuvi's Dreadful Rot  Necr/Pois/Air  0%         N/A       58%         2
 Ignite Poison            Fire/Tmut/Pois 0%         N/A       83%         3
 Freezing Cloud           Conj/Ice/Air   0%         6-21      100%        5


Dungeon Overview and Level Annotations

Branches:
Dungeon (3/15)

Altars:


Innate Abilities, Weirdness & Mutations

You have a beak for a mouth.
You have claws for feet.
You can magically evade attacks while moving or waiting.


Message History

The ice beast is moderately wounded.
The ice beast misses you.
You shoot an arrow. The arrow barely misses the ice beast.
The ice beast hits you but does no damage.
You shoot an arrow. The arrow closely misses the ice beast.
The ice beast barely misses you.
Fire: a) +0 shortbow
Press: ? - help, Shift-Dir - straight line, f/p - ice beast
Aim: an ice beast (moderately wounded, 66% to hit)
You shoot an arrow. The arrow hits the ice beast.
The ice beast is heavily wounded.
The ice beast hits you. The ice beast freezes you!
Fire: a) +0 shortbow
Press: ? - help, Shift-Dir - straight line, f/p - ice beast
Aim: an ice beast (heavily wounded, 66% to hit)
You shoot an arrow. The arrow closely misses the ice beast.
The ice beast hits you. The ice beast freezes you.
Fire: a) +0 shortbow
Press: ? - help, Shift-Dir - straight line, f/p - ice beast
Aim: an ice beast (heavily wounded, 66% to hit)
You shoot an arrow. The arrow hits the ice beast.
The ice beast is heavily wounded.
The ice beast hits you. The ice beast freezes you!
* * * LOW HITPOINT WARNING * * *
Fire: a) +0 shortbow
Press: ? - help, Shift-Dir - straight line, f/p - ice beast
Aim: an ice beast (heavily wounded, 66% to hit)
You shoot an arrow. The arrow hits the ice beast.
The ice beast is heavily wounded.
The ice beast hits you but does no damage.
Fire: a) +0 shortbow
Press: ? - help, Shift-Dir - straight line, f/p - ice beast
Aim: an ice beast (heavily wounded, 66% to hit)
You shoot an arrow.
The arrow hits the ice beast but does no damage.
The ice beast is heavily wounded.
The ice beast hits you.
* * * LOW HITPOINT WARNING * * *
The ice beast freezes you!
You die...

## ....#..... .### ........
...## ....... ....#
.#..###### ..... ####.....
.........# .... #........
†....###.# ..# #......#
......##.# #Y# #......#.
.........# #@# #........
####...### #.# #........ .#
#.#.#### #.####........
.###.#....# #............#
.....####.#### #####........#
........#....# #....[...#
#######.####.#######........#
#.# #..).............# #.#
########......###.


You could see an ice beast.

Vanquished Creatures
  Sigmund (D:2)
  A gnoll (D:2)
  An adder (D:2)
  2 worms (D:2)
  3 dart slugs
  3 ball pythons
  13 endoplasms
  3 giant cockroaches (D:1)
  5 hobgoblins
  7 jackals (D:1)
  3 kobolds
  2 quokkas (D:1)
  A bat (D:2)
  8 frilled lizards
  4 goblins
  4 rats
61 creatures vanquished.

Notes
Turn   | Place    | Note
-------+----------+-------------------------------------------
     0 | D:1      | Persephone the Tengu Hunter began the quest for the Orb.
     0 | D:1      | Reached XP level 1. HP: 12/12 MP: 2/2
    81 | D:1      | Reached XP level 2. HP: 13/17 MP: 3/3
   131 | D:1      | Reached skill level 5 in Ranged Weapons
   205 | D:1      | Reached XP level 3. HP: 21/21 MP: 4/4
   955 | D:2      | Reached skill level 6 in Ranged Weapons
  1003 | D:2      | Reached XP level 4. HP: 26/26 MP: 5/5
  1276 | D:2      | Noticed Sigmund
  1284 | D:2      | Killed Sigmund
  1285 | D:2      | Reached skill level 7 in Ranged Weapons
  1285 | D:2      | Reached XP level 5. HP: 21/30 MP: 4/6
  1285 | D:2      | Reached XP level 6. HP: 24/35 MP: 4/7
  1673 | D:3      | Reached skill level 8 in Ranged Weapons
  1698 | D:3      | Noticed an ice beast
  1710 | D:3      | Slain by an ice beast

Illustrated notes

Levels and vault maps discovered:
D:1:      dpeg_arrival_pond, layout_loops_ring,
          nicolae_concentric_dashed_squares_wild
D:2:      kb_forest_paths, layout_basic, wander_ebering_terrifying_dragon_lair,
          uniq_sigmund
D:3:      minmay_skewed_foursquare, layout_basic, lemuel_crystal_altar,
          kennysheep_generic_room_12

Skill      XL: |  1  2  3  4  5  6 |
---------------+-------------------+-----
Ranged Weapons | 5 6 7 8 |  8.0
Fighting       | |  2.0
Dodging        | |  2.1
Stealth        | |  1.0

Action                     |  1- 3 |  4- 6 || total
---------------------------+-------+-------++-------
   Fire: Shortbow          |   134 |    52 ||   186
    Use: Scroll            |       |     3 ||     3
 Armour: Leather armour    |    24 |    15 ||    39
  Dodge: Dodged            |    30 |     4 ||    34

Table legend: (Time is in decaauts)
 A = Elapsed time spent in this place.
 B = Non-inter-level travel time spent in this place.
 C = Inter-level travel time spent in this place.
 D = Time resting spent in this place.
 E = Time spent auto-exploring this place.
 F = Levels seen in this place.
 G = Mean time per level.
                   A        B        C        D        E       F      G
               +--------+--------+--------+--------+--------+-----+--------+
         Total |   1737 |   1621 |    116 |      0 |   1350 |   3 |  579.0 |
       Dungeon |   1737 |   1621 |    116 |      0 |   1350 |   3 |  579.0 |
               +--------+--------+--------+--------+--------+-----+--------+

Top non-repeatable levels by time:
     D:2: 805 daAuts
     D:1: 781 daAuts
     D:3: 150 daAuts
